 Dungeon Crawl Stone Soup version 0.22.1-2-g9c5b331383 (webtiles) character file.

358 Gargoyl the Skirmisher (level 6, -2/52 HPs)
             Began as a Centaur Abyssal Knight on Jan 6, 2019.
             Was a Believer of Lugonu.
             Slain by Duvessa
             ... wielding a +0 short sword
              (6 damage)
             ... on level 4 of the Dungeon.
             The game lasted 00:08:58 (4062 turns).

Gargoyl the Skirmisher (Centaur Abyssal Knight)     Turns: 4062, Time: 00:08:59

Health: -2/52      AC: 11    Str: 16    XL:     6   Next: 37%
Magic:  8/8        EV: 13    Int: 11    God:    Lugonu [**....]
Gold:   142        SH:  0    Dex: 18    Spells: 5/5 levels left

rFire    . . .     SeeInvis .   a - +1 hand axe
rCold    + . .     Gourm    .   (no shield)
rNeg     . . .     Faith    .   e - +0 scale mail
rPois    .         Spirit   .   d - +2 helmet
rElec    .         Reflect  .   (no cloak)
rCorr    .         Harm     .   m - +0 pair of gloves
MR       .....                  (no barding)
Stlth    +.........             (no amulet)
HPRegen  0.17/turn              f - ring of protection from cold
MPRegen  0.11/turn              (no ring)

@: agile, lethally poisoned (-2 -> -48), very quick
A: large, hooves 3, agile 2, deformed body, speed 2, tough skin 3
a: Depart the Abyss, Bend Space, Renounce Religion


You were on level 4 of the Dungeon.
You worshipped Lugonu.
Lugonu was pleased with you.
You were not hungry.

You visited 1 branch of the dungeon, and saw 5 of its levels.
You visited the Abyss 1 time.

You collected 142 gold pieces.

Inventory:

Hand Weapons
 a - a +1 hand axe (weapon)
Armour
 d - a +2 helmet (worn)
 e - a +0 scale mail (worn)
 m - a +0 pair of gloves (worn)
Jewellery
 f - a ring of protection from cold (left hand)
Scrolls
 b - 3 scrolls of identify
 h - 3 scrolls of enchant armour
 i - 2 scrolls of remove curse
 k - 4 scrolls of amnesia
 l - a scroll of teleportation
 n - a scroll of enchant weapon {unknown}
Potions
 g - a potion of haste
 j - a potion of brilliance
Comestibles
 c - 6 rations


   Skills:
 + Level 4.0 Fighting
 + Level 3.2 Axes
 * Level 3.1 Armour
 * Level 1.9 Dodging
 * Level 3.2 Invocations


You had 5 spell levels left.
You didn't know any spells.
Your spell library contained the following spells:

 Spells                   Type           Power        Failure   Level  Hunger
 Animate Skeleton         Necr           N/A          77%         1    ##.....
 Apportation              Tloc           #.....       77%         1    ##.....
 Confusing Touch          Hex            #.....       77%         1    ##.....
 Summon Small Mammal      Summ           #...         77%         1    ##.....


Dungeon Overview and Level Annotations

Branches:
Dungeon (5/15)
 Temple: D:4-7

Altars:
Okawaru

Annotations:
D:4 Dowan, Duvessa


Innate Abilities, Weirdness & Mutations

You have hooves in place of feet.
Armour fits poorly on your strangely shaped body.
You cover ground very quickly.
You have extremely tough skin. (AC +3)
You are very agile. (Dex +4)


Message History

You slash Dowan! You kick Dowan.
Dowan is almost dead.
You hit Duvessa but do no damage.
* * * LOW HITPOINT WARNING * * *
You feel very sick. Dowan hits you with a dagger of venom.
* * * LOW HITPOINT WARNING * * *
You are more poisoned.
Duvessa says, "When magic and the sword combine, nothing stands against them."
Duvessa misses you.
Unknown command.
You hit Dowan. You kick Dowan, but do no damage.
Dowan is almost dead.
You hit Duvessa but do no damage.
* * * LOW HITPOINT WARNING * * *
You feel very sick. Dowan hits you but does no damage.
You are more poisoned.
Duvessa hits you with a short sword.
You die...

#......#
#......#
#......#
#....<.#
#......#
#......#
#......#
#..ee..#
#...@..#
#......#
#.....)#
#......#+##
#.........#
#.........#
#.........#
#.........#
#......ยง..#


You could see Duvessa and Dowan.

Vanquished Creatures
  Sigmund (D:3)
  A hound (D:4)
  Natasha (twice) (D:3)
  5 adders
  An ooze (D:2)
  3 worms
  3 dart slugs
  3 leopard geckos
  2 orcs
  3 giant cockroaches
  5 goblins
  13 hobgoblins
  7 jackals (D:2)
  4 kobolds
  2 ball pythons
  5 bats
  A frilled lizard (D:3)
  7 rats
68 creatures vanquished.

Notes
Turn   | Place    | Note
-------+----------+-------------------------------------------
     0 | Abyss:1  | Gargoyl the Centaur Abyssal Knight began the quest for the
                  | Orb.
     0 | Abyss:1  | Reached XP level 1. HP: 19/19 MP: 2/2
    62 | Abyss:1  | Noticed a small abomination
    83 | Abyss:1  | Found a corrupted altar of Lugonu.
   111 | Abyss:1  | Noticed an ancient zyme
   113 | Abyss:1  | Noticed a large abomination
   113 | Abyss:1  | Noticed a large abomination
   113 | Abyss:1  | Noticed an ancient zyme
   118 | Abyss:1  | Noticed a raiju
   120 | Abyss:1  | Noticed a glowing orange brain
   134 | Abyss:1  | Noticed a small abomination
   140 | Abyss:1  | Noticed a small abomination
   153 | Abyss:1  | Found a stormy altar of Qazlal.
   164 | Abyss:1  | Found a hazy altar of Hepliaklqana.
   165 | Abyss:1  | Noticed a black mamba
   170 | Abyss:1  | Noticed a yak
   170 | Abyss:1  | a black mamba changed into a yak
   176 | Abyss:1  | Noticed a starcursed mass
   176 | Abyss:1  | Noticed a wretched star
   218 | Abyss:1  | Noticed a merfolk
   218 | Abyss:1  | a glowing shapeshifter changed into a merfolk
   218 | Abyss:1  | Noticed a neqoxec
   244 | Abyss:1  | Noticed a blizzard demon
   245 | D:1      | Escaped the Abyss
   984 | D:1      | Reached XP level 2. HP: 23/26 MP: 3/3
  1438 | D:2      | Reached skill level 1 in Dodging
  1686 | D:2      | Reached XP level 3. HP: 22/31 MP: 4/4
  1751 | D:2      | Reached * piety under Lugonu
  2095 | D:2      | Reached XP level 4. HP: 32/39 MP: 5/5
  2769 | D:3      | Noticed Sigmund
  2784 | D:3      | Reached ** piety under Lugonu
  2801 | D:4      | Noticed Duvessa
  2801 | D:4      | Noticed Dowan
  2842 | D:5      | Entered Level 5 of the Dungeon
  3287 | D:3      | Found an iron altar of Okawaru.
  3334 | D:3      | Reached XP level 5. HP: 46/46 MP: 6/6
  3355 | D:3      | Noticed Natasha
  3363 | D:3      | Killed Natasha
  3393 | D:3      | Gained mutation: You are agile. (Dex +2) [potion of
                  | mutation]
  3393 | D:3      | Gained mutation: You are very agile. (Dex +4) [potion of
                  | mutation]
  3399 | D:3      | Killed Sigmund
  3399 | D:3      | Reached XP level 6. HP: 14/52 MP: 8/8
  3424 | D:3      | Noticed Natasha
  3655 | D:3      | Killed Natasha
  3655 | D:3      | Reached skill level 4 in Fighting
  4062 | D:4      | Slain by Duvessa

Skill      XL: |  1  2  3  4  5  6 |
---------------+-------------------+-----
Dodging        | 1 |  1.9
Axes           | 2 3 |  3.2
Armour         | 2 3 |  3.1
Invocations    | 3 |  3.2
Fighting       | 4 |  4.0

Action                   |  1- 3 |  4- 6 || total
-------------------------+-------+-------++-------
Melee: Hand axe          |   151 |   150 ||   301
       Kick              |    13 |    23 ||    36
Invok: Depart the Abyss  |     1 |       ||     1
  Use: Scroll            |     5 |     3 ||     8
       Potion            |     2 |     6 ||     8
  Eat: Chunk             |     2 |     4 ||     6
       Ration            |       |     1 ||     1
Armor: Scale mail        |   109 |    89 ||   198
Dodge: Dodged            |    77 |    60 ||   137
